 Dungeon Crawl Stone Soup version 0.29.1-2-gbd0b4ee654 (webtiles) character file.

Game seed: 5900617798781054227

2049 zermelo the Cleaver (level 9, -6/70 HPs)
             Began as a Minotaur Berserker on Nov 10, 2022.
             Was a Priest of Trog.
             Mangled by a killer bee (7 damage)
             ... on level 6 of the Dungeon on Nov 11, 2022.
             The game lasted 01:08:34 (5501 turns).

zermelo the Cleaver (Minotaur Berserker)            Turns: 5501, Time: 01:08:35

Health: -6/70      AC: 19    Str: 25    XL:     9   Next: 4%
Magic:  8/8        EV:  4    Int:  4    God:    Trog [***...]
Gold:   284        SH:  0    Dex: 11    Spells: 8/8 levels left

rFire   . . .      SeeInvis .   r - +1 halberd (vorpal)
rCold   . . .      Faith    .   (shield currently unavailable)
rNeg    . . .      Spirit   .   m - +0 crystal plate armour
rPois   .          Reflect  .   (helmet restricted)
rElec   .          Harm     .   (no cloak)
rCorr   .          Rampage  .   (no gloves)
Will    .....                   (no boots)
Stlth   ..........              g - amulet of regeneration
HPRegen 1.01/turn               z - +4 ring of protection
MPRegen 0.11/turn               (no ring)

@: lethally poisoned (-6 -> -14)
A: horns 2, retaliatory headbutt
a: Renounce Religion, Berserk, Trog's Hand


You were on level 6 of the Dungeon.
You worshipped Trog.
Trog was most pleased with you.
You visited 1 branch of the dungeon, and saw 6 of its levels.

You collected 314 gold pieces.
You spent 30 gold pieces at shops.

Inventory:

Hand Weapons
 r - a +1 vorpal halberd (weapon)
 w - a +2 vorpal dire flail
Missiles
 b - 7 poisoned darts (quivered)
 B - a stone
Armour
 m - a +0 crystal plate armour (worn)
 o - an orb of light
 u - a +0 scale mail
Jewellery
 g - an amulet of regeneration (around neck)
 l - an amulet of guardian spirit
 z - a +4 ring of protection (left hand)
Wands
 y - a wand of digging (9)
Scrolls
 a - 2 scrolls of amnesia {unknown}
 d - a scroll of identify
 i - a scroll of magic mapping {unknown}
 k - a scroll of poison
 q - a scroll of enchant armour {unknown}
 t - 2 scrolls of immolation {unknown}
 A - 2 scrolls of vulnerability {unknown}
Potions
 e - a potion of mutation {unknown}
 h - a potion of haste {unknown}
 j - a potion of might {unknown}
 n - 2 potions of curing
 p - a potion of heal wounds {unknown}
 s - 2 potions of flight {unknown}
 v - 2 potions of degeneration {unknown}


   Skills:
 - Level 3.6 Fighting
 + Level 14.3 Axes
 - Level 2.4 Armour
 - Level 2.1 Dodging


You had 8 spell levels left.
You didn't know any spells.
Your spell library contained the following spells:

 Spells                   Type           Power      Damage    Failure   Level
 Necrotise                Necr           0%         1d4       100%        1
 Scorch                   Fire           0%         2d5       100%        2
 Spider Form              Tmut/Pois      0%         N/A       100%        3
 Flame Wave               Conj/Fire      0%         2d4       100%        4
 Summon Cactus Giant      Summ           0%         N/A       100%        6
 Borgnjor's Revivificati  Necr           0%         N/A       100%        8
 Infestation              Necr           0%         N/A       100%        8


Dungeon Overview and Level Annotations

Branches:
Dungeon (6/15)
 Temple: D:4-7

Altars:
Fedhas
Kikubaaqudgha
Nemelex Xobeh
Uskayaw
Zin

Shops:
D:3 !


Innate Abilities, Weirdness & Mutations

You have a pair of horns on your head.
You reflexively headbutt those who attack you in melee.


Message History

The killer bee barely misses you.
You barely miss the killer bee. Your headbutt misses the killer bee.
The killer bee is heavily wounded.
You feel sick. The killer bee stings you.
You are more poisoned.
The killer bee poisons you! The killer bee stings you.
You are more poisoned.
The killer bee poisons you! The killer bee stings you.
The killer bee stings you but does no damage.
The killer bee stings you.
* * * LOW HITPOINT WARNING * * *
You are more poisoned.
The killer bee poisons you!
The killer bee stings you but does no damage.
You barely miss the killer bee.
The killer bee is heavily wounded.
* * * LOW HITPOINT WARNING * * *
You feel very sick.
The killer bee stings you but does no damage. x4
You miss the killer bee. Your headbutt misses the killer bee.
The killer bee is heavily wounded.
* * * LOW HITPOINT WARNING * * *
You feel very sick.
The killer bee stings you but does no damage. x2
The killer bee stings you.
* * * LOW HITPOINT WARNING * * *
You are more poisoned.
The killer bee poisons you!
The killer bee stings you but does no damage.
You miss the killer bee.
The killer bee is heavily wounded.
* * * LOW HITPOINT WARNING * * *
You feel very sick. The killer bee barely misses you. You furiously retaliate!
You headbutt the killer bee!
You kill the killer bee!
Trog accepts your kill.
The killer bee stings you but does no damage.
The killer bee stings you!
You die...

............##
............#
..........).#
..........)[#
............######..
#########...........
#.....'...........
#...^.#...........
#####@#...........
#.yS###.....#+##
.....h. #.....+
.(........#.....#
#..##.....#.....# ..
#####+#.....# .


You could see a black bear, a killer bee and an adder.

Vanquished Creatures
  Grinder (D:5)
  A shadow (D:5)
  Menkaure (D:5)
  2 water moccasins (D:5)
  An ice beast (D:5)
  3 ogres
  A kobold brigand (D:6)
  The ghost of CasualKingEmy the Caller, an amateur TeSu of Ru (D:4)
  3 scorpions (D:5)
  A bullfrog (D:6)
  A necrophage (D:5)
  3 killer bees (D:6)
  2 hounds
  An orc priest (D:4)
  Natasha (D:2)
  3 iguanas
  4 orc wizards
  7 gnolls
  5 adders
  A shadow imp (D:5)
  A white imp (D:5)
  2 worms
  6 dart slugs
  12 orcs
  7 ball pythons
  5 bats
  6 endoplasms
  3 giant cockroaches
  8 goblins
  4 hobgoblins
  3 quokkas
  2 frilled lizards (D:2)
  8 kobolds
  5 rats
115 creatures vanquished.

Vanquished Creatures (others)
  A human (D:5)
1 creature vanquished.

Grand Total: 116 creatures vanquished

Notes
Turn   | Place    | Note
-------+----------+-------------------------------------------
     0 | D:1      | zermelo the Minotaur Berserker began the quest for the Orb.
     0 | D:1      | Reached XP level 1. HP: 19/19 MP: 0/0
   114 | D:1      | Reached skill level 4 in Axes
   309 | D:1      | Reached XP level 2. HP: 26/26 MP: 1/1
  1250 | D:2      | Reached skill level 5 in Axes
  1258 | D:2      | Reached XP level 3. HP: 31/31 MP: 2/2
  1755 | D:2      | Noticed Natasha
  1774 | D:2      | Killed Natasha
  1775 | D:2      | Reached skill level 6 in Axes
  1775 | D:2      | Reached XP level 4. HP: 39/39 MP: 3/3
  1821 | D:2      | Got the Directory of Baneful Unhallowed Arts
  1944 | D:3      | Found a blossoming altar of Fedhas.
  2037 | D:3      | Reached skill level 7 in Axes
  2037 | D:3      | Reached XP level 5. HP: 34/45 MP: 4/4
  2049 | D:3      | Reached ** piety under Trog
  2323 | D:3      | Found Qukaor's Distillery.
  2335 | D:3      | Reached skill level 8 in Axes
  2354 | D:3      | Bought a potion of curing for 30 gold pieces
  2541 | D:3      | Reached XP level 6. HP: 48/51 MP: 5/5
  2630 | D:3      | Found a hide-covered altar of Uskayaw.
  2630 | D:3      | Found a glowing silver altar of Zin.
  3553 | D:4      | Reached skill level 9 in Axes
  3933 | D:4      | Found a large runed translucent door.
  3934 | D:4      | Found a large runed translucent door.
  3960 | D:4      | Noticed CasualKingEmy's ghost (amateur TeSu)
  4349 | D:4      | Killed CasualKingEmy's ghost
  4533 | D:5      | Entered Level 5 of the Dungeon
  4536 | D:5      | Reached XP level 7. HP: 57/57 MP: 6/6
  4582 | D:5      | Noticed Grinder
  4582 | D:5      | Paralysed by Grinder for 5 turns
  4590 | D:5      | Killed Grinder
  4591 | D:5      | Reached skill level 10 in Axes
  4621 | D:5      | Reached skill level 11 in Axes
  4705 | D:5      | Reached XP level 8. HP: 64/64 MP: 7/7
  4776 | D:5      | Reached *** piety under Trog
  4777 | D:5      | Reached skill level 12 in Axes
  4887 | D:5      | Found an ancient bone altar of Kikubaaqudgha.
  4917 | D:5      | Found a sparkling altar of Nemelex Xobeh.
  4919 | D:5      | Noticed Menkaure
  4931 | D:5      | Killed Menkaure
  4932 | D:5      | Reached skill level 13 in Axes
  5107 | D:5      | Reached skill level 14 in Axes
  5452 | D:6      | Reached XP level 9. HP: 55/70 MP: 8/8
  5501 | D:6      | HP: 1/70 [poisoned by a killer bee]
  5501 | D:6      | Mangled by a killer bee

Illustrated notes

Levels and vault maps discovered:
D:1:      roderic_chinese_lattice_arrival, layout_basic
D:2:      layout_loops_ring, kennysheep_generic_room_2, uniq_natasha
D:3:      layout_loops_cross, nicolae_overflow_crystal_walls,
          nicolae_overflow_two_pavilions, serial_shops, nicolae_shop_stone,
          roderic_cross_of_infinity
D:4:      layout_cave_pods, ebering_ghost_disaster_area, nrook_uturn
D:5:      layout_basic, nemelex_dance_club_becter, tgw_kikubaaqudgha,
          serial_rivers, chequers_serial_rivers_room_b,
          chequers_serial_rivers_micro_c, chequers_serial_rivers_micro_b,
          chequers_serial_rivers_small_3, chequers_serial_rivers_room_b,
          uniq_menkaure, uniq_grinder
D:6:      layout_gridville, hangedman_decor_peaks_small

Skill      XL: |  1  2  3  4  5  6  7  8 |
---------------+-------------------------+-----
Axes           | 4 5 6 7 8 9 11 14 | 14.3
Fighting       | |  3.6
Armour         | |  2.4
Dodging        | |  2.1

Action                   |  1- 3 |  4- 6 |  7- 9 || total
-------------------------+-------+-------+-------++-------
Melee: Hand axe          |    64 |    89 |       ||   153
       Headbutt          |    10 |    22 |    21 ||    53
       Halberd           |       |    66 |   111 ||   177
       Punch             |       |     1 |       ||     1
Throw: Stone             |       |    15 |    14 ||    29
       Boomerang         |       |       |     3 ||     3
       Dart              |       |       |     3 ||     3
Invok: Berserk           |       |     1 |     1 ||     2
       Trog's Hand       |       |     1 |       ||     1
  Use: Scroll            |     3 |     3 |       ||     6
       Potion            |       |       |     3 ||     3
 Stab: Sleeping          |     1 |       |       ||     1
Armor: Animal skin       |     7 |       |       ||     7
       Scale mail        |       |    24 |       ||    24
       Crystal plate arm |       |    68 |   100 ||   168
Dodge: Dodged            |    40 |    20 |    30 ||    90
